EL
FRISCO ROUGHRIDERS @ BIRMINGHAM BARONS
05/04/2048
 
TOP OF THE 1ST
Frisco RoughRiders batting - Pitching for Birmingham Barons : RHP Ruben Castro
Pitching: RHP Ruben Castro
Batting: LHB Pauli Gassinger 0-0: Ball
1-0: SINGLE (Groundball, 5S, EV 72.5 MPH) (infield hit)
Batting: LHB Yasahiko Teshima 0-0: Ball
1-0: Ball
2-0: Ball
3-0: Called Strike
3-1: Foul Ball, location: 2F
3-2: Base on Balls
Pauli Gassinger to second
Batting: RHB Sean Neuroth 0-0: Ball
1-0: Called Strike
1-1: Swinging Strike
1-2: Foul Ball, location: 2F
1-2: Ball
2-2: Fly out, F8 (Flyball, 8RD, EV 101.2 MPH)
Runner from 2nd tags up, OUT at 3rd! 8-5
Batting: SHB David Simpson 0-0: Swinging Strike
0-1: Called Strike
Yasahiko Teshima is caught stealing 2nd base 2-6
Top of the 1st over - 0 runs, 1 hit, 0 errors, 0 left on base; Frisco 0 - Birmingham 0
BOTTOM OF THE 1ST
Birmingham Barons batting - Pitching for Frisco RoughRiders : RHP Joe Pattullo
Pitching: RHP Joe Pattullo
Batting: LHB Dalton Silveira 0-0: Called Strike
0-1: SINGLE (Groundball, 56D, EV 104.4 MPH)
Batting: LHB Larry Myers 0-0: Fly out, F7 (Flyball, 7D, EV 96.9 MPH)
Batting: SHB Ruben Velasco Jr. 0-0: Ball
Dalton Silveira steals 2nd base (no throw)
1-0: Ball
2-0: Swinging Strike
2-1: Foul Ball, location: 2F
2-2: Ball
3-2: Base on Balls
Batting: LHB Justin Stickney 0-0: SINGLE (Line Drive, 9S, EV 94.4 MPH)
Dalton Silveira to third
Ruben Velasco Jr. to second
Runner from 3rd tries for Home, SAFE, throw by RF to home
Batting: RHB Ethan McCullough 0-0: Called Strike
0-1: Foul Ball, location: 2F
0-2: Ball
1-2: Foul Ball, location: 2F
1-2: Strikes out swinging
Batting: LHB Matt Hyde 0-0: Ball
1-0: Ball
2-0: Ball
3-0: Called Strike
3-1: SINGLE (Groundball, 4MS, EV 70.6 MPH) (infield hit)
Ruben Velasco Jr. to third
Justin Stickney to second
Batting: RHB Mike Savage 0-0: Called Strike
0-1: Ball
1-1: SINGLE (Groundball, 4M, EV 78.1 MPH) (infield hit)
Ruben Velasco Jr. scores
Justin Stickney to third
Matt Hyde to second
Batting: RHB Toichiro Fujimoto 0-0: Fly out, F8 (Line Drive, 8LM, EV 85.6 MPH)
Bottom of the 1st over - 2 runs, 4 hits, 0 errors, 3 left on base; Frisco 0 - Birmingham 2
TOP OF THE 2ND
Frisco RoughRiders batting - Pitching for Birmingham Barons : RHP Ruben Castro
Batting: SHB David Simpson 0-0: SINGLE (Line Drive, 5D, EV 95.6 MPH)
Batting: LHB Joseph Martin 0-0: Fielders Choice at 2nd, 4-6 (Groundball, 34, EV 84.4 MPH)
Batting: RHB Dale Aubrey 0-0: Ball
1-0: Ball
2-0: Called Strike
2-1: Called Strike
2-2: Ball
3-2: Foul Ball, location: 2F
3-2: Foul Ball, location: 2F
3-2: Fly out, F7 (Flyball, 7LS, EV 84.4 MPH)
Batting: RHB Matt Sanders 0-0: Ball
1-0: Ball
2-0: Ball
3-0: Base on Balls
Joseph Martin to second
Batting: RHB Shoh Tanioka 0-0: Called Strike
0-1: Ball
1-1: Ball
2-1: Fly out, F2 (Popup, 3SF, EV 88.8 MPH)
Top of the 2nd over - 0 runs, 1 hit, 0 errors, 2 left on base; Frisco 0 - Birmingham 2
BOTTOM OF THE 2ND
Birmingham Barons batting - Pitching for Frisco RoughRiders : RHP Joe Pattullo
Batting: SHB Josh Conner 0-0: Ball
1-0: Called Strike
1-1: Foul Ball, location: 2F
1-2: Ball
2-2: Ball
3-2: Strikes out swinging
Batting: LHB Dalton Silveira 0-0: Ball
1-0: Called Strike
1-1: Swinging Strike
1-2: Ball
2-2: DOUBLE (Line Drive, 78D, EV 105.0 MPH)
Batting: LHB Larry Myers 0-0: Called Strike
Dalton Silveira is caught stealing 3rd base 2-5
0-1: Called Strike
0-2: Ground out 6-3 (Groundball, 56, EV 88.1 MPH)
Bottom of the 2nd over - 0 runs, 1 hit, 0 errors, 0 left on base; Frisco 0 - Birmingham 2
TOP OF THE 3RD
Frisco RoughRiders batting - Pitching for Birmingham Barons : RHP Ruben Castro
Batting: SHB Brace Harper 0-0: Ground out U3 (Groundball, 34, EV 109.4 MPH)
Batting: LHB Pauli Gassinger 0-0: Called Strike
0-1: Swinging Strike
0-2: Ball
1-2: Ball
2-2: Strikes out swinging
Batting: LHB Yasahiko Teshima 0-0: Called Strike
0-1: Foul Ball, location: 2F
0-2: Ball
1-2: Ball
2-2: Fly out, F8 (Flyball, 8LD, EV 91.9 MPH)
Top of the 3rd over - 0 runs, 0 hits, 0 errors, 0 left on base; Frisco 0 - Birmingham 2
BOTTOM OF THE 3RD
Birmingham Barons batting - Pitching for Frisco RoughRiders : RHP Joe Pattullo
Batting: SHB Ruben Velasco Jr. 0-0: Called Strike
0-1: Foul Ball, location: 2F
0-2: Ground out 4-3 (Groundball, 34D, EV 85.6 MPH)
Batting: LHB Justin Stickney 0-0: Ball
1-0: Ball
2-0: DOUBLE (Line Drive, 3D, EV 96.2 MPH)
Batting: RHB Ethan McCullough 0-0: Ball
1-0: Ball
2-0: Called Strike
2-1: Foul Ball, location: 2F
2-2: Ball
3-2: Strikes out swinging
Batting: LHB Matt Hyde 0-0: Fly out, F7 (Flyball, 7, EV 88.1 MPH)
Bottom of the 3rd over - 0 runs, 1 hit, 0 errors, 1 left on base; Frisco 0 - Birmingham 2
TOP OF THE 4TH
Frisco RoughRiders batting - Pitching for Birmingham Barons : RHP Ruben Castro
Batting: RHB Sean Neuroth 0-0: Ball
1-0: Fly out, F7 (Flyball, 7, EV 88.8 MPH)
Batting: SHB David Simpson 0-0: Called Strike
0-1: Swinging Strike
0-2: Ball
1-2: Foul Ball, location: 2F
1-2: Ball
2-2: Ball
3-2: Foul Ball, location: 2F
3-2: Foul Ball, location: 2F
3-2: Foul Ball, location: 2F
3-2: Foul Ball, location: 2F
3-2: Base on Balls
Batting: LHB Joseph Martin 0-0: Swinging Strike
0-1: Called Strike
0-2: Ball
1-2: Strikes out swinging
David Simpson steals 2nd, throwing error, E2
David Simpson to third
Batting: RHB Dale Aubrey 0-0: Called Strike
0-1: Ball
1-1: Foul Ball, location: 2F
1-2: Foul Ball, location: 2F
1-2: Ball
2-2: Foul Ball, location: 2F
2-2: SINGLE (Groundball, 6S, EV 71.2 MPH) (infield hit)
David Simpson scores
Batting: RHB Matt Sanders 0-0: Called Strike
0-1: Ball
Dale Aubrey is caught stealing 2nd base 2-4
Top of the 4th over - 1 run, 1 hit, 1 error, 0 left on base; Frisco 1 - Birmingham 2
BOTTOM OF THE 4TH
Birmingham Barons batting - Pitching for Frisco RoughRiders : RHP Joe Pattullo
Batting: RHB Mike Savage 0-0: Called Strike
0-1: Ball
1-1: Ball
2-1: Ball
3-1: Fly out, F3 (Popup, 3, EV 66.2 MPH)
Batting: RHB Toichiro Fujimoto 0-0: DOUBLE (Line Drive, 89D, EV 106.9 MPH)
Batting: SHB Josh Conner 0-0: Called Strike
0-1: Called Strike
0-2: Ground out 6-3 (Groundball, 6, EV 85.6 MPH)
Batting: LHB Dalton Silveira 0-0: SINGLE (Line Drive, 8LS, EV 94.4 MPH)
Toichiro Fujimoto to third
Runner from 3rd tries for Home, throw by CF and OUT! 8-2
Bottom of the 4th over - 0 runs, 2 hits, 0 errors, 1 left on base; Frisco 1 - Birmingham 2
TOP OF THE 5TH
Frisco RoughRiders batting - Pitching for Birmingham Barons : RHP Ruben Castro
Batting: RHB Matt Sanders 0-0: Ball
1-0: Ball
2-0: Called Strike
2-1: Fly out, F9 (Flyball, 9S, EV 88.1 MPH)
Batting: RHB Shoh Tanioka 0-0: Ball
1-0: Ball
2-0: Ball
3-0: Called Strike
3-1: Called Strike
3-2: Strikes out swinging
Batting: SHB Brace Harper 0-0: Foul Ball, location: 2F
0-1: Ball
1-1: Swinging Strike
1-2: Fly out, F8 (Line Drive, 8RM, EV 98.8 MPH)
Top of the 5th over - 0 runs, 0 hits, 0 errors, 0 left on base; Frisco 1 - Birmingham 2
BOTTOM OF THE 5TH
Birmingham Barons batting - Pitching for Frisco RoughRiders : RHP Joe Pattullo
Batting: LHB Larry Myers 0-0: Fly out, F8 (Flyball, 8LD, EV 82.5 MPH)
Batting: SHB Ruben Velasco Jr. 0-0: Called Strike
0-1: Ball
1-1: Ball
2-1: Ground out 4-3 (Groundball, 4, EV 87.5 MPH)
Batting: LHB Justin Stickney 0-0: SINGLE (Groundball, 34S, EV 68.1 MPH) (infield hit)
Batting: RHB Ethan McCullough 0-0: Ball
1-0: Ball
2-0: Called Strike
2-1: Foul Ball, location: 2F
2-2: Foul Ball, location: 2F
2-2: Ball
3-2: Strikes out swinging
Bottom of the 5th over - 0 runs, 1 hit, 0 errors, 1 left on base; Frisco 1 - Birmingham 2
TOP OF THE 6TH
Frisco RoughRiders batting - Pitching for Birmingham Barons : RHP Ruben Castro
Pitching: LHP Kenny Morman
Pinch Hitting: RHB Andrew Clarke 0-0: Called Strike
0-1: Ball
1-1: Swinging Strike
1-2: Ball
2-2: TRIPLE (Flyball, 9LD, EV 97.5 MPH)
Pinch Hitting: RHB Chance Lamb 0-0: Ground out U3 (Groundball, 3, EV 104.4 MPH)
Batting: RHB Sean Neuroth 0-0: Called Strike
0-1: Swinging Strike
0-2: Ground out 6-3 (Groundball, 6, EV 81.2 MPH)
Batting: SHB David Simpson 0-0: Ball
1-0: Ball
2-0: Ground out 4-3 (Groundball, 4, EV 107.5 MPH)
Top of the 6th over - 0 runs, 1 hit, 0 errors, 1 left on base; Frisco 1 - Birmingham 2
BOTTOM OF THE 6TH
Birmingham Barons batting - Pitching for Frisco RoughRiders : RHP Joe Pattullo
Now at 1B: Yat-sen Zhu
Now in LF: Danny Murillo
Batting: LHB Matt Hyde 0-0: Ball
1-0: Called Strike
1-1: Ground out 6-3 (Groundball, 6, EV 86.2 MPH)
Batting: RHB Mike Savage 0-0: Ball
1-0: Ball
2-0: Fly out, F9 (Line Drive, 9, EV 91.9 MPH)
Batting: RHB Toichiro Fujimoto 0-0: Swinging Strike
0-1: Called Strike
0-2: Ball
1-2: Foul Ball, location: 2F
1-2: Foul Ball, location: 2F
1-2: Ball
2-2: Foul Ball, location: 2F
2-2: Strikes out swinging
Bottom of the 6th over - 0 runs, 0 hits, 0 errors, 0 left on base; Frisco 1 - Birmingham 2
TOP OF THE 7TH
Frisco RoughRiders batting - Pitching for Birmingham Barons : LHP Kenny Morman
Batting: LHB Joseph Martin 0-0: Foul Ball, location: 2F
0-1: Called Strike
0-2: Ground out 4-3 (Groundball, 4, EV 89.4 MPH)
Batting: RHB Dale Aubrey 0-0: Ball
1-0: Ball
2-0: Foul Ball, location: 2F
2-1: Ball
3-1: Base on Balls
Batting: RHB Matt Sanders 0-0: Fly out, F8 (Flyball, 8RXD, EV 91.9 MPH)
Batting: RHB Shoh Tanioka 0-0: Fly out, F4 (Popup, 34, EV 54.4 MPH)
Top of the 7th over - 0 runs, 0 hits, 0 errors, 1 left on base; Frisco 1 - Birmingham 2
BOTTOM OF THE 7TH
Birmingham Barons batting - Pitching for Frisco RoughRiders : RHP Joe Pattullo
Batting: SHB Josh Conner 0-0: Swinging Strike
0-1: Ground out 5-3 (Groundball, 5, EV 78.8 MPH)
Batting: LHB Dalton Silveira 0-0: SINGLE (Groundball, 4MD, EV 98.1 MPH) (infield hit)
Batting: LHB Larry Myers 0-0: Fly out, F8 (Flyball, 8RD, EV 97.5 MPH)
Batting: SHB Ruben Velasco Jr. 0-0: Ball
1-0: Foul Ball, location: 2F
1-1: Called Strike
1-2: Foul Ball, location: 2F
1-2: Fly out, F9 (Flyball, 89M, EV 73.1 MPH)
Bottom of the 7th over - 0 runs, 1 hit, 0 errors, 1 left on base; Frisco 1 - Birmingham 2
TOP OF THE 8TH
Frisco RoughRiders batting - Pitching for Birmingham Barons : LHP Kenny Morman
Pitching: LHP Silas Chartier
Now in LF: Kevin Chafe
Now in RF: Mike Savage
Pinch Hitting: RHB Doug Hammertime 0-0: Called Strike
0-1: Called Strike
0-2: Ball
1-2: Ball
2-2: Ball
3-2: Foul Ball, location: 2F
3-2: Fly out, F8 (Flyball, 8RM, EV 96.2 MPH)
Batting: RHB Danny Murillo 0-0: Ball
1-0: Foul Ball, location: 2F
1-1: Swinging Strike
1-2: Strikes out swinging
Pinch Hitting: RHB Jose Pineda 0-0: Ball
1-0: Ball
2-0: Foul Ball, location: 2F
2-1: Ball
3-1: Base on Balls
Batting: RHB Sean Neuroth 0-0: Foul Ball, location: 2F
0-1: Ball
1-1: Foul Ball, location: 2F
1-2: Strikes out swinging
Top of the 8th over - 0 runs, 0 hits, 0 errors, 1 left on base; Frisco 1 - Birmingham 2
BOTTOM OF THE 8TH
Birmingham Barons batting - Pitching for Frisco RoughRiders : RHP Joe Pattullo
Now at 1B: Doug Hammertime
Now at SS: Jose Pineda
Batting: LHB Justin Stickney 0-0: Ball
1-0: Ball
2-0: Foul Ball, location: 2F
2-1: Foul Ball, location: 2F
2-2: Ball
3-2: Foul Ball, location: 2F
3-2: DOUBLE (Groundball, 3L, EV 110.6 MPH)
Batting: RHB Ethan McCullough 0-0: Swinging Strike
0-1: Ball
1-1: Called Strike
1-2: Ball
2-2: Foul Ball, location: 2F
2-2: Foul Ball, location: 2F
2-2: Ball
3-2: Strikes out looking
Pitching: RHP Victor Morin
Batting: LHB Matt Hyde 0-0: Called Strike
0-1: Ball
1-1: Ball
2-1: Called Strike
2-2: Fly out, F8 (Flyball, 8LM, EV 92.5 MPH)
Batting: RHB Mike Savage 0-0: Called Strike
0-1: Ball
1-1: Swinging Strike
1-2: Strikes out swinging
Bottom of the 8th over - 0 runs, 1 hit, 0 errors, 1 left on base; Frisco 1 - Birmingham 2
TOP OF THE 9TH
Frisco RoughRiders batting - Pitching for Birmingham Barons : LHP Silas Chartier
Pitching: RHP Maury Compson
Batting: SHB David Simpson 0-0: Swinging Strike
0-1: Fly out, F9 (Flyball, 9, EV 84.4 MPH)
Batting: LHB Joseph Martin 0-0: Called Strike
0-1: Ball
1-1: Ball
2-1: Ball
3-1: Called Strike
3-2: Strikes out swinging
Batting: RHB Dale Aubrey 0-0: Called Strike
0-1: Ball
1-1: SINGLE (Groundball, 4D, EV 106.2 MPH)
Pinch Hitting: LHB Alfonso Collazo 0-0: Ball
1-0: Called Strike
1-1: Called Strike
1-2: Ball
2-2: Strikes out swinging
Top of the 9th over - 0 runs, 1 hit, 0 errors, 1 left on base; Frisco 1 - Birmingham 2
Tuesday, March 28th , 2023 - OOTP Baseball 23.10 Build 110